Map: Deathaura LE

Players

HankoBrat - Winner!

  • Race: Terran Terran
  • League: Diamond
  • Spawn Location: 5:00

Massa

  • Race: Terran Terran
  • League: Platinum
  • Spawn Location: 11:00

VOD

Have the link to the VOD?

Description

Time

  • Played on: Jan. 23, 2021, 5:26 a.m.
  • Length: 8:30
Show
View Real Time Build Order
Export as new Build Order

HankoBrat Terran - Winner!

Build Orders: 1/1/1, Liberator Opening 

Get SALT Encoding   

  12  0:00  SCV  
  13  0:12  SCV  
  14  0:17  Supply Depot  
  14  0:24  SCV  
  15  0:30  Refinery  
  15  0:41  Barracks  
  15  0:44  SCV  
  16  0:54  Refinery  
  16  0:56  SCV  
  17  1:09  SCV  
  18  1:21  SCV  
  19  1:28  Reaper  
  19  1:32  Supply Depot  
  20  1:33  SCV  
  20  1:39  Factory  
  21  1:45  SCV  
  22  1:57  Orbital Command  
  22  2:00  Reaper  
  23  2:23  Hellion  
  23  2:24  Starport, SCV  
  26  2:32  Supply Depot  
  26  2:33  Reaper  
  26  2:36  SCV  
  28  2:44  Hellion  
  28  2:48  SCV  
  28  2:51  Supply Depot  
  31  3:00  SCV  
  31  3:04  Liberator  
  31  3:05  Reaper  
  36  3:11  Hellion  
  38  3:13  SCV  
  39  3:23  Supply Depot  
  39  3:25  SCV  
  40  3:32  Hellion  
  42  3:37  Barracks Tech Lab  
  42  3:38  SCV  
  43  3:51  Command Center  
  43  4:02  Factory Tech Lab, Starport Reactor  
  43  4:04  Stimpack  
  43  4:07  SCV, Barracks  
  43  4:09  Engineering Bay  
  44  4:20  SCV  
  45  4:32  SCV  
  42  4:44  Terran Infantry Weapons Level 1  
  42  4:45  Missile Turret  
  39  4:50  Marine  
  39  4:52  Siege Tank  
  43  4:59  SCV  
  44  5:08  Marine  
  44  5:11  SCV  
  44  5:23  Barracks Reactor  
  44  5:26  Marine  
  44  5:42  SCV  
  43  5:43  Siege Tank  
  43  5:45  Orbital Command  
  43  5:47  Marine  
  43  5:48  Combat Shield  
  47  5:54  SCV  
  48  5:59  Marine x2  
  50  6:04  Marine  
  50  6:06  SCV  
  49  6:16  Missile Turret  
  49  6:17  Marine x2  
  51  6:18  SCV  
  51  6:22  Marine  
  51  6:25  Siege Tank  
  56  6:26  Missile Turret x2  
  56  6:27  Missile Turret  
  56  6:28  SCV  
  56  6:30  SCV  
  58  6:34  Supply Depot  
  58  6:35  Marine, Supply Depot  
  58  6:37  Barracks  
  58  6:38  Marine  
  60  6:40  Marine  
  60  6:42  SCV  
  60  6:45  Refinery, SCV  
  60  6:47  Refinery  
  63  6:52  Sensor Tower  
  63  6:53  Marine  
  64  6:55  SCV  
  64  6:57  Supply Depot  
  64  7:01  Marine x2  
  65  7:04  Command Center  
  65  7:05  Viking  
  69  7:10  Marine  
  69  7:12  SCV x2  
  72  7:24  SCV  
  72  7:28  Armory  
  72  7:29  SCV, Marine  
  74  7:30  Marine x2, Engineering Bay  
  77  7:47  Marine x2  
  79  8:07  Marine x3  
Show
View Real Time Build Order
Export as new Build Order

Massa Terran 

Build Orders:  

Get SALT Encoding   

  12  0:00  SCV  
  13  0:12  SCV  
  14  0:18  Supply Depot  
  14  0:24  SCV  
  15  0:40  SCV  
  15  0:41  Barracks  
  16  0:48  Refinery  
  16  0:52  SCV  
  17  1:04  SCV  
  18  1:16  SCV  
  19  1:29  Orbital Command  
  19  1:48  Command Center  
  19  1:49  Barracks Reactor  
  19  1:55  SCV  
  20  2:04  Supply Depot  
  20  2:07  SCV  
  21  2:13  Factory  
  21  2:19  SCV  
  22  2:26  Barracks  
  22  2:28  Marine x2  
  24  2:36  SCV  
  25  2:47  Bunker  
  25  2:48  Marine x2  
  25  2:50  SCV  
  28  2:57  Hellion  
  30  3:11  Marine x2  
  32  3:18  Orbital Command, Hellion  
  33  3:22  Starport  
  33  3:26  Barracks Tech Lab  
  33  3:30  Marine x2  
  35  3:35  SCV  
  35  3:39  Hellion  
  38  3:46  SCV  
  38  3:48  SCV, Marine  
  40  3:49  Marine  
  42  3:55  Stimpack  
  42  4:01  Refinery, Hellion  
  44  4:07  Medivac  
  46  4:16  Supply Depot  
  46  4:18  Supply Depot  
  46  4:20  Engineering Bay  
  46  4:23  Supply Depot  
  46  4:33  SCV x2  
  38  4:45  SCV x2, Medivac  
  41  5:02  Marine x2  
  37  5:33  SCV x2  
  39  5:37  Marine x2  
  41  5:44  Factory Tech Lab  
  41  5:45  SCV x2, Missile Turret  
  43  5:57  SCV x2  
  45  6:15  Viking  
  47  6:18  Marine x2  
  47  6:20  Marauder  
  51  6:26  SCV  
  51  6:27  SCV  
  51  6:28  Command Center  
  51  6:32  Siege Tank  
  56  6:36  Marine x2  
  56  6:38  SCV  
  56  6:39  SCV  
  60  6:41  Marauder  
  62  6:48  Refinery x2  
  62  6:50  SCV, Barracks  
  62  6:51  SCV  
  62  6:54  Marine x2  
  66  7:02  SCV  
  66  7:03  SCV, Marauder  
  70  7:25  Supply Depot  
  70  7:26  Supply Depot  
  70  7:39  SCV x2, Marine, Siege Tank  
  70  7:40  Marine  
  60  7:49  Medivac  
  60  7:51  Marauder, Marine  
  62  8:08  Marine  
Tags
 
Add a new tag
Caveats
  • Supply blocks, unpowered buildings, or Contaminate may cause inaccurate times.
  • Supply counts are checked every 10 seconds.